 Dungeon Crawl Stone Soup version 0.30.0-29-ga12c61a403 (webtiles) character file.

Game seed: 4690849458618004370

54 AIAndy the Frost Mage (level 3, 0/26 HPs)
             Began as a Gnoll Wanderer on June 25, 2023.
             Slain by Sigmund
             ... wielding a +0 scythe
              (4 damage)
             ... on level 2 of the Dungeon.
             The game lasted 00:09:41 (1236 turns).

AIAndy the Frost Mage (Gnoll Wanderer)              Turns: 1236, Time: 00:09:44

Health: 0/26       AC:  8    Str:  9    XL:     3   Next: 91%
Magic:  6/7        EV: 12    Int: 17    God:
Gold:   76         SH:  0    Dex:  9    Spells: 2/7 levels left

rFire   . . .        i - +0 rapier
rCold   . . .        (no shield)
rNeg    . . .        c - +0 robe
rPois   .            (no helmet)
rElec   .            m - +2 cloak
rCorr   .            (no gloves)
SInv    .            j - +2 pair of boots
Will    .....        (no amulet)
Stlth   ++           (no ring)
HPRegen 0.24/turn    (no ring)
MPRegen 0.10/turn

%: no passive effects
@: no status effects
A: fangs 1, strong nose, distributed training
a: no special abilities


You were on level 2 of the Dungeon.
You visited 1 branch of the dungeon, and saw 2 of its levels.

You collected 76 gold pieces.

Inventory:

Hand Weapons
 a - a +0 trident
 i - a +0 rapier (weapon)
Missiles
 f - 4 silver javelins
Armour
 c - a +0 robe (worn)
 j - a +2 pair of boots (worn)
 m - a +2 cloak (worn)
Scrolls
 b - 3 scrolls of blinking
 e - a scroll of enchant armour {unknown}
 h - a scroll of fog {unknown}
 k - a scroll of vulnerability {unknown}
 l - a scroll of identify {unknown}
Miscellaneous
 d - a piece from Xom's chessboard (15/15) (quivered)


   Skills:
 + Level 1.0 Fighting
 + Level 1.0 Short Blades
 + Level 1.0 Long Blades
 + Level 1.0 Axes
 + Level 1.0 Maces & Flails
 + Level 1.0 Polearms
 + Level 1.0 Staves
 + Level 1.0 Ranged Weapons
 + Level 1.0 Throwing
 + Level 1.0 Armour
 + Level 2.7 Dodging
 + Level 2.5 Stealth
 + Level 1.0 Shields
 + Level 1.0 Unarmed Combat
 + Level 2.9 Spellcasting
 + Level 0.7 Conjurations
 + Level 0.7 Hexes
 + Level 0.7 Summonings
 + Level 0.7 Necromancy
 + Level 0.7 Translocations
 + Level 2.2 Transmutations
 + Level 0.7 Fire Magic
 + Level 8.8 Ice Magic
 + Level 0.7 Air Magic
 + Level 0.7 Earth Magic
 + Level 0.7 Poison Magic
 + Level 1.1 Invocations
 + Level 2.7 Evocations


You had 2 spell levels left.
You knew the following spells:

 Your Spells              Type           Power      Damage    Failure   Level
a - Freeze                Ice            100%       1d10      1%          1
b - Sting                 Tmut/Pois      28%        1d4       10%         1
c - Hailstorm             Conj/Ice       18%        3d6       8%          3

Your spell library contained the following spells:

 Spells                   Type           Power      Damage    Failure   Level
 Ensorcelled Hibernation  Hex/Ice        36%        N/A       3%          2
 Beastly Appendage        Tmut           18%        N/A       7%          1
 Wereblood                Tmut           9%         N/A       11%         2
 Spider Form              Tmut/Pois      7%         N/A       28%         3


Dungeon Overview and Level Annotations

Branches:
Dungeon (2/15)

Altars:

Annotations:
D:2 Sigmund


Innate Abilities, Weirdness & Mutations

You have very sharp teeth.
Your uncanny sense of smell can sniff out nearby items.
Your experience applies equally to all skills.


Message History

Sigmund casts a spell.
Sigmund flickers and vanishes!
Deactivating autopickup; reactivate with Ctrl-A.
The ball python barely misses you. x2
You feel less confused.
You hear some strange, mumbled words.
You are confused.
The ball python barely misses you. The ball python grabs you.
The ball python constricts you.
You escape the ball python's grasp.
Something hits you. x2
You bump into the rock wall.
The ball python bites you but does no damage.
The ball python grabs you. The ball python constricts you.
The ball python closely misses you. The ball python constricts you.
You bump into the rock wall.
Something hits you!
* * * LOW HITPOINT WARNING * * *
The ball python bites you but does no damage.
The ball python constricts you.
* * * LOW HITPOINT WARNING * * *
You are too confused!
Unknown command.
Okay, then.
You bump into the rock wall.
The ball python misses you. The ball python constricts you.
Something hits you but does no damage.
You bump into the rock wall.
You feel less confused. The ball python closely misses you.
The ball python constricts you.
It was a potion of magic.
Magic courses through your body. The ball python bites you.
* * * LOW HITPOINT WARNING * * *
The ball python constricts you. Something completely misses you.
Casting: Freeze (safe; 1% risk of failure)
Confirm with . or Enter, or press ? or * to list all spells.
Aiming: Freeze (safe; 1% risk of failure)
Press: ? - help, Shift-Dir - straight line, f - ball python
Aim: a ball python (constricting you)
You freeze the ball python!
You kill the ball python!
Something hits you.
You die...

.....###..###
....≈≈≈
......###...##
##.#!...
......# ###..#
#...<. ......#
##.# ###..#
..†...# #.#
###...#
......# #.#
#.†.†##
......#
#.###{##.#
.....##
#....†##.#
....##
####.@#..#
##### ####...
####


There were no monsters in sight!

Vanquished Creatures
  An adder (D:2)
  A dart slug (D:2)
  5 ball pythons
  3 bats
  5 endoplasms
  A giant cockroach (D:1)
  5 goblins
  2 hobgoblins
  7 jackals
  A quokka (D:1)
  2 kobolds (D:1)
  6 rats
39 creatures vanquished.

Notes
Turn   | Place    | Note
-------+----------+-------------------------------------------
     0 | D:1      | AIAndy the Gnoll Wanderer began the quest for the Orb.
     0 | D:1      | AIAndy set off with the following items: a +0 club, a
                  | scroll of blinking, a +0 robe, a piece from Xom's
                  | chessboard (15/15); and the following spells available to
                  | memorise: Freeze, Ensorcelled Hibernation, Hailstorm,
                  | Sting, Spider Form.
     0 | D:1      | Reached XP level 1. HP: 13/13 MP: 4/4
     2 | D:1      | Learned a level 1 spell: Freeze
     4 | D:1      | Learned a level 1 spell: Sting
   117 | D:1      | Reached XP level 2. HP: 14/19 MP: 0/5
   496 | D:1      | Reached XP level 3. HP: 25/25 MP: 0/7
   602 | D:1      | Learned a level 3 spell: Hailstorm
   943 | D:2      | Reached skill level 1 in Invocations
  1058 | D:2      | Reached skill level 1 in Fighting
  1058 | D:2      | Reached skill level 1 in Short Blades
  1058 | D:2      | Reached skill level 1 in Long Blades
  1058 | D:2      | Reached skill level 1 in Axes
  1058 | D:2      | Reached skill level 1 in Maces & Flails
  1058 | D:2      | Reached skill level 1 in Polearms
  1058 | D:2      | Reached skill level 1 in Staves
  1058 | D:2      | Reached skill level 1 in Ranged Weapons
  1058 | D:2      | Reached skill level 1 in Throwing
  1058 | D:2      | Reached skill level 1 in Armour
  1058 | D:2      | Reached skill level 1 in Shields
  1058 | D:2      | Reached skill level 1 in Unarmed Combat
  1211 | D:2      | Noticed Sigmund
  1236 | D:2      | Slain by Sigmund

Illustrated notes

Levels and vault maps discovered:
D:1:      dpeg_arrival_round_b, layout_basic
D:2:      layout_rooms, corexii_item_surrounded_by_moat, uniq_sigmund

Skill      XL: |  1  2  3 |
---------------+----------+-----
Transmutations | 2 |  2.2
Invocations    | 1 |  1.1
Fighting       | 1 |  1.0
Short Blades   | 1 |  1.0
Long Blades    | 1 |  1.0
Axes           | 1 |  1.0
Maces & Flails | 1 |  1.0
Polearms       | 1 |  1.0
Staves         | 1 |  1.0
Ranged Weapons | 1 |  1.0
Throwing       | 1 |  1.0
Armour         | 1 |  1.0
Shields        | 1 |  1.0
Unarmed Combat | 1 |  1.0
Dodging        | |  2.7
Stealth        | |  2.5
Spellcasting   | |  2.9
Conjurations   | |  0.7
Hexes          | |  0.7
Summonings     | |  0.7
Necromancy     | |  0.7
Translocations | |  0.7
Fire Magic     | |  0.7
Ice Magic      | |  8.8
Air Magic      | |  0.7
Earth Magic    | |  0.7
Poison Magic   | |  0.7
Evocations     | |  2.7

Action                     || total
---------------------------++-------
  Melee: Club              ||     1
         Quarterstaff      ||     6
         Rapier            ||     2
   Cast: Freeze            ||    48
         Sting             ||     5
         Hailstorm         ||     1
    Use: Potion            ||     1
 Armour: Robe              ||    13
  Dodge: Dodged            ||    28
